| TOP OF THE 1ST |
|
Tacoma Cubs batting - Pitching for Spokane Indians : RHP Rob Mendoza
|
|
Pitching: RHP Rob Mendoza
|
|
|
Batting: RHB Tim Glass
|
0-0: Called Strike 0-1: Hit by Pitch
|
|
Batting: RHB Glenn Hubbard
|
0-0: Foul Ball, location: 2F 0-1: Ball 1-1: Ball 2-1: Ball 3-1: Base on Balls Tim Glass to second
|
|
Batting: LHB Broderick Perkins
|
0-0: Ball 1-0: Called Strike Tim Glass steals 3rd base 1-1: Swinging Strike 1-2: Ball 2-2: Strikes out swinging
|
|
Batting: LHB Dan Pasqua
|
0-0: Called Strike 0-1: Ball 1-1: Swinging Strike 1-2: Ground out 5-3 (Groundball, 56S, EV 60.6 MPH) Tim Glass scores Glenn Hubbard to second
|
|
Batting: RHB Billy Cree
|
0-0: Called Strike 0-1: Ball 1-1: Foul Ball, location: 2F 1-2: Ground out 4-3 (Groundball, 4, EV 78.1 MPH)
|
| Top of the 1st over - 1 run, 0 hits, 0 errors, 1 left on base; Tacoma 1 - Spokane 0 |
| BOTTOM OF THE 1ST |
|
Spokane Indians batting - Pitching for Tacoma Cubs : RHP Joe Devitt
|
|
Pitching: RHP Joe Devitt
|
|
|
Batting: RHB Craig Landis
|
0-0: Ball 1-0: Ball 2-0: Ball 3-0: Base on Balls
|
|
Batting: LHB Stu Pederson
|
0-0: Foul Ball, location: 2F 0-1: Called Strike 0-2: Ball 1-2: SINGLE (Groundball, 6MD, EV 94.4 MPH) Craig Landis to second Runner from 2nd tries for 3rd, SAFE, no throw by CF
|
|
Batting: SHB Mark Gillaspie
|
0-0: Ball 1-0: Fielders Choice at 2nd, 6-4 (Groundball, 6M, EV 84.4 MPH) Craig Landis scores
|
|
Batting: LHB Dave Stockstill
|
0-0: Swinging Strike 0-1: Foul Ball, location: 2F 0-2: DOUBLE (Flyball, 7LM, EV 100.6 MPH) Mark Gillaspie to third
|
|
Batting: RHB Jeffrey Ronk
|
0-0: Called Strike 0-1: Called Strike 0-2: Foul Ball, location: 2F 0-2: Strikes out swinging
|
|
Batting: RHB John Hanley
|
0-0: Fly out, F8 (Flyball, 8LM, EV 84.4 MPH)
|
| Bottom of the 1st over - 1 run, 2 hits, 0 errors, 2 left on base; Tacoma 1 - Spokane 1 |
| TOP OF THE 2ND |
|
Tacoma Cubs batting - Pitching for Spokane Indians : RHP Rob Mendoza
|
|
Batting: RHB Lonnie Smith
|
0-0: SINGLE (Groundball, 15S, EV 61.3 MPH) (infield hit)
|
|
Batting: RHB Jim Rice
|
0-0: Swinging Strike 0-1: Foul Ball, location: 2F 0-2: Ball 1-2: Strikes out swinging
|
|
Batting: RHB Amos Lewis
|
0-0: Ball 1-0: SINGLE (Groundball, 6MD, EV 109.4 MPH) Lonnie Smith to second Runner from 2nd tries for 3rd, SAFE, throw by CF made to third
|
|
Batting: LHB John Elway
|
0-0: Ball 1-0: Foul Ball, location: 2F 1-1: Ball 2-1: Ball 3-1: Foul Ball, location: 2F 3-2: Strikes out looking
|
|
Batting: RHB Tim Glass
|
0-0: Ball 1-0: Ball 2-0: Called Strike 2-1: Ball 3-1: Base on Balls Amos Lewis to second
|
|
Batting: RHB Glenn Hubbard
|
0-0: Called Strike 0-1: Fly out, F7 (Flyball, 78D, EV 97.5 MPH)
|
| Top of the 2nd over - 0 runs, 2 hits, 0 errors, 3 left on base; Tacoma 1 - Spokane 1 |
| BOTTOM OF THE 2ND |
|
Spokane Indians batting - Pitching for Tacoma Cubs : RHP Joe Devitt
|
|
Batting: RHB George Foussianes
|
0-0: Fly out, F9 (Flyball, 9LS, EV 90.6 MPH)
|
|
Batting: RHB Larry Fobbs
|
0-0: Foul Ball, location: 2F 0-1: Foul Ball, location: 2F 0-2: Foul Ball, location: 2F 0-2: Ground out 4-3 (Groundball, 4D, EV 105.0 MPH)
|
|
Batting: RHB Kevin Harvey
|
0-0: Ball 1-0: Ball 2-0: Called Strike 2-1: Foul Ball, location: 2F 2-2: Foul Ball, location: 2F 2-2: Fly out, F8 (Flyball, 8LD, EV 97.5 MPH)
|
| Bottom of the 2nd over - 0 runs, 0 hits, 0 errors, 0 left on base; Tacoma 1 - Spokane 1 |
| TOP OF THE 3RD |
|
Tacoma Cubs batting - Pitching for Spokane Indians : RHP Rob Mendoza
|
|
Batting: LHB Broderick Perkins
|
0-0: SINGLE (Line Drive, 4MD, EV 101.3 MPH)
|
|
Batting: LHB Dan Pasqua
|
0-0: Foul Ball, location: 2F 0-1: Called Strike 0-2: Foul Ball, location: 2F 0-2: Ball 1-2: Strikes out swinging
|
|
Batting: RHB Billy Cree
|
0-0: Called Strike 0-1: Grounds into double play, 5-4-3 (Groundball, 56S, EV 84.4 MPH)
|
| Top of the 3rd over - 0 runs, 1 hit, 0 errors, 0 left on base; Tacoma 1 - Spokane 1 |
| BOTTOM OF THE 3RD |
|
Spokane Indians batting - Pitching for Tacoma Cubs : RHP Joe Devitt
|
|
Batting: RHB Craig Landis
|
0-0: Called Strike 0-1: Ball 1-1: Ball 2-1: Ground out 5-3 (Groundball, 56, EV 83.1 MPH)
|
|
Batting: LHB Stu Pederson
|
0-0: Called Strike 0-1: SINGLE (Groundball, 5D, EV 105.0 MPH)
|
|
Batting: SHB Mark Gillaspie
|
0-0: Ball 1-0: Swinging Strike 1-1: Fly out, F7 (Flyball, 7, EV 80.0 MPH)
|
|
Batting: LHB Dave Stockstill
|
0-0: Ball 1-0: Ball 2-0: Ground out U3 (Groundball, 3, EV 107.5 MPH)
|
| Bottom of the 3rd over - 0 runs, 1 hit, 0 errors, 1 left on base; Tacoma 1 - Spokane 1 |
| TOP OF THE 4TH |
|
Tacoma Cubs batting - Pitching for Spokane Indians : RHP Rob Mendoza
|
|
Batting: RHB Lonnie Smith
|
0-0: Called Strike 0-1: Ball 1-1: SINGLE (Line Drive, 9S, EV 99.4 MPH)
|
|
Batting: RHB Jim Rice
|
0-0: DOUBLE (Flyball, 8LXD, EV 95.6 MPH) Lonnie Smith to third
|
|
Batting: RHB Amos Lewis
|
0-0: Swinging Strike 0-1: Swinging Strike 0-2: Ball 1-2: Ball 2-2: Foul Ball, location: 2F 2-2: Fly out, F7 (Flyball, 7S, EV 95.0 MPH)
|
|
Batting: LHB John Elway
|
0-0: Ball 1-0: Ball 2-0: Ball 3-0: Called Strike 3-1: Called Strike 3-2: SINGLE (Groundball, 4, EV 86.9 MPH) (infield hit) Lonnie Smith scores Jim Rice to third
|
|
Batting: RHB Tim Glass
|
0-0: Called Strike John Elway steals 2nd base 0-1: Fly out, F7 (Flyball, 7LM, EV 83.1 MPH)
|
|
Batting: RHB Glenn Hubbard
|
0-0: Ball 1-0: Ball 2-0: Ball 3-0: Called Strike 3-1: Swinging Strike 3-2: Base on Balls
|
|
Batting: LHB Broderick Perkins
|
0-0: Ball 1-0: Ball 2-0: SINGLE (Line Drive, 89M, EV 100.0 MPH) Jim Rice scores John Elway to third Glenn Hubbard to second Runner from 3rd tries for Home, SAFE, throw by CF to home
|
|
Batting: LHB Dan Pasqua
|
0-0: Ball 1-0: Ball 2-0: Foul Ball, location: 2F 2-1: Foul Ball, location: 2F 2-2: Fly out, F8 (Flyball, 8RXD, EV 106.9 MPH)
|
| Top of the 4th over - 3 runs, 4 hits, 0 errors, 2 left on base; Tacoma 4 - Spokane 1 |
| BOTTOM OF THE 4TH |
|
Spokane Indians batting - Pitching for Tacoma Cubs : RHP Joe Devitt
|
|
Batting: RHB Jeffrey Ronk
|
0-0: Called Strike 0-1: Ball 1-1: Swinging Strike 1-2: Ball 2-2: Foul Ball, location: 2F 2-2: Foul Ball, location: 2F 2-2: Ground out 5-3 (Groundball, 5, EV 84.4 MPH)
|
|
Batting: RHB John Hanley
|
0-0: Ball 1-0: Ball 2-0: Ball 3-0: Base on Balls
|
|
Batting: RHB George Foussianes
|
0-0: Ball 1-0: Ball 2-0: Called Strike 2-1: Foul Ball, location: 2F 2-2: Foul Ball, location: 2F 2-2: Foul Ball, location: 2F 2-2: Strikes out swinging
|
|
Batting: RHB Larry Fobbs
|
0-0: Called Strike 0-1: Swinging Strike 0-2: Ball 1-2: Ground out 4-3 (Groundball, 4, EV 82.5 MPH)
|
| Bottom of the 4th over - 0 runs, 0 hits, 0 errors, 1 left on base; Tacoma 4 - Spokane 1 |
| TOP OF THE 5TH |
|
Tacoma Cubs batting - Pitching for Spokane Indians : RHP Rob Mendoza
|
|
Batting: RHB Billy Cree
|
0-0: Foul Ball, location: 2F 0-1: Ball 1-1: Ball 2-1: Ball 3-1: Swinging Strike 3-2: Foul Ball, location: 2F 3-2: Base on Balls
|
|
Batting: RHB Lonnie Smith
|
0-0: Ball 1-0: Grounds into double play, 4-6-3 (Groundball, 4, EV 81.9 MPH)
|
|
Batting: RHB Jim Rice
|
0-0: Ball 1-0: Ball 2-0: Called Strike 2-1: Foul Ball, location: 2F 2-2: Strikes out swinging
|
| Top of the 5th over - 0 runs, 0 hits, 0 errors, 0 left on base; Tacoma 4 - Spokane 1 |
| BOTTOM OF THE 5TH |
|
Spokane Indians batting - Pitching for Tacoma Cubs : RHP Joe Devitt
|
|
Batting: RHB Kevin Harvey
|
0-0: Foul Ball, location: 2F 0-1: Fly out, F2 (Popup, 2R, EV 98.8 MPH)
|
|
Batting: RHB Craig Landis
|
0-0: Called Strike 0-1: Ball 1-1: Foul Ball, location: 2F 1-2: Ball 2-2: Ground out 3-1 (Groundball, 3S, EV 70.6 MPH)
|
|
Batting: LHB Stu Pederson
|
0-0: Called Strike 0-1: Swinging Strike 0-2: Strikes out swinging
|
| Bottom of the 5th over - 0 runs, 0 hits, 0 errors, 0 left on base; Tacoma 4 - Spokane 1 |
| TOP OF THE 6TH |
|
Tacoma Cubs batting - Pitching for Spokane Indians : RHP Rob Mendoza
|
|
Batting: RHB Amos Lewis
|
0-0: Swinging Strike 0-1: Ball 1-1: SOLO HOME RUN (Flyball, 9LD, EV 103.1 MPH), Distance : 349 ft
|
|
Pitching: RHP Jonathan Coberly
|
|
|
Batting: LHB John Elway
|
0-0: Called Strike 0-1: Swinging Strike 0-2: Ball 1-2: Hit by Pitch
|
|
Batting: RHB Tim Glass
|
0-0: Ball John Elway steals 2nd base 1-0: Foul Ball, location: 2F 1-1: SINGLE (Groundball, P, EV 81.9 MPH) (infield hit) John Elway to third
|
|
Batting: RHB Glenn Hubbard
|
0-0: Called Strike Tim Glass steals 2nd base 0-1: Swinging Strike 0-2: Strikes out swinging
|
|
Batting: LHB Broderick Perkins
|
0-0: Ball 1-0: Ball 2-0: SINGLE (Groundball, 3L, EV 103.8 MPH) John Elway scores Tim Glass to third Runner from 3rd tries for Home, SAFE, throw by RF to home
|
|
Batting: LHB Dan Pasqua
|
0-0: Foul Ball, location: 2F 0-1: Fly out, F2 (Popup, 2RF, EV 90.6 MPH)
|
|
Batting: RHB Billy Cree
|
0-0: Ground out 4-3 (Groundball, 4, EV 90.6 MPH)
|
| Top of the 6th over - 3 runs, 3 hits, 0 errors, 1 left on base; Tacoma 7 - Spokane 1 |
| BOTTOM OF THE 6TH |
|
Spokane Indians batting - Pitching for Tacoma Cubs : RHP Joe Devitt
|
|
Batting: SHB Mark Gillaspie
|
0-0: Foul Ball, location: 2F 0-1: Ball 1-1: Swinging Strike 1-2: Ball 2-2: Foul Ball, location: 2F 2-2: Ball 3-2: Foul Ball, location: 2F 3-2: DOUBLE (Line Drive, 78D, EV 109.4 MPH)
|
|
Batting: LHB Dave Stockstill
|
0-0: Ball 1-0: Ball 2-0: Ground out 4-3 (Groundball, 4M, EV 86.9 MPH) Mark Gillaspie to third
|
|
Batting: RHB Jeffrey Ronk
|
0-0: Ground out 5-3 (Groundball, 5S, EV 91.3 MPH)
|
|
Batting: RHB John Hanley
|
0-0: Called Strike 0-1: Ground out 5-3 (Groundball, 56, EV 85.0 MPH)
|
| Bottom of the 6th over - 0 runs, 1 hit, 0 errors, 1 left on base; Tacoma 7 - Spokane 1 |
| TOP OF THE 7TH |
|
Tacoma Cubs batting - Pitching for Spokane Indians : RHP Jonathan Coberly
|
|
Batting: RHB Lonnie Smith
|
0-0: Ball 1-0: Ball 2-0: Fly out, F4 (Popup, 3DF, EV 75.0 MPH)
|
|
Batting: RHB Jim Rice
|
0-0: Ball 1-0: Swinging Strike 1-1: Ball 2-1: Ground out 5-3 (Groundball, 56S, EV 63.8 MPH)
|
|
Batting: RHB Amos Lewis
|
0-0: Swinging Strike 0-1: Fly out, F6 (Popup, 6M, EV 60.0 MPH)
|
| Top of the 7th over - 0 runs, 0 hits, 0 errors, 0 left on base; Tacoma 7 - Spokane 1 |
| BOTTOM OF THE 7TH |
|
Spokane Indians batting - Pitching for Tacoma Cubs : RHP Joe Devitt
|
|
Batting: RHB George Foussianes
|
0-0: Ball 1-0: Foul Ball, location: 2F 1-1: DOUBLE (Line Drive, 9LM, EV 106.3 MPH)
|
|
Batting: RHB Larry Fobbs
|
0-0: Ball 1-0: Called Strike 1-1: Foul Ball, location: 2F 1-2: Ball 2-2: Ground out 3-1 (Groundball, 34, EV 85.6 MPH) George Foussianes to third
|
|
Batting: RHB Kevin Harvey
|
0-0: Ball 1-0: Ground out 6-3 (Groundball, 6, EV 90.0 MPH) George Foussianes scores
|
|
Batting: RHB Craig Landis
|
0-0: Foul Ball, location: 2F 0-1: Swinging Strike 0-2: Ball 1-2: Ground out 1-3 (Groundball, 13, EV 60.0 MPH)
|
| Bottom of the 7th over - 1 run, 1 hit, 0 errors, 0 left on base; Tacoma 7 - Spokane 2 |
| TOP OF THE 8TH |
|
Tacoma Cubs batting - Pitching for Spokane Indians : RHP Jonathan Coberly
|
|
Batting: LHB John Elway
|
0-0: Ball 1-0: Foul Ball, location: 2F 1-1: SINGLE (Groundball, 6M, EV 81.3 MPH) (infield hit)
|
|
Batting: RHB Tim Glass
|
0-0: Called Strike 0-1: Swinging Strike 0-2: Ball 1-2: Grounds into double play, 6-4-3 (Groundball, 6, EV 82.5 MPH)
|
|
Batting: RHB Glenn Hubbard
|
0-0: Called Strike 0-1: Ball 1-1: Called Strike 1-2: Strikes out swinging
|
| Top of the 8th over - 0 runs, 1 hit, 0 errors, 0 left on base; Tacoma 7 - Spokane 2 |
| BOTTOM OF THE 8TH |
|
Spokane Indians batting - Pitching for Tacoma Cubs : RHP Joe Devitt
|
|
Batting: LHB Stu Pederson
|
0-0: Ball 1-0: Ball 2-0: Called Strike 2-1: Called Strike 2-2: Ball 3-2: Ground out 4-3 (Groundball, 4, EV 91.3 MPH)
|
|
Batting: SHB Mark Gillaspie
|
0-0: Ball 1-0: Called Strike 1-1: Called Strike 1-2: SINGLE (Flyball, 89S, EV 97.5 MPH)
|
|
Batting: LHB Dave Stockstill
|
0-0: Ball 1-0: Fielders Choice at 2nd, 3-6 (Groundball, 3, EV 82.5 MPH)
|
|
Batting: RHB Jeffrey Ronk
|
0-0: Called Strike 0-1: Ball 1-1: Swinging Strike Passed Ball! Dave Stockstill to second 1-2: DOUBLE (Line Drive, 3D, EV 95.6 MPH) Dave Stockstill scores
|
|
Batting: RHB John Hanley
|
0-0: Foul Ball, location: 2F 0-1: Ball 1-1: Swinging Strike 1-2: Foul Ball, location: 2F 1-2: Ball 2-2: Ball 3-2: Foul Ball, location: 2F 3-2: Base on Balls
|
|
Batting: RHB George Foussianes
|
0-0: SINGLE (Groundball, 56D, EV 93.8 MPH) Jeffrey Ronk to third John Hanley to second Runner from 3rd tries for Home, SAFE, throw by LF to home John Hanley to third George Foussianes to second
|
|
Now in LF: Thad Bosley
|
|
|
Batting: RHB Larry Fobbs
|
0-0: Swinging Strike 0-1: Called Strike 0-2: Ball 1-2: Ball 2-2: Strikes out swinging
|
| Bottom of the 8th over - 2 runs, 3 hits, 0 errors, 2 left on base; Tacoma 7 - Spokane 4 |
| TOP OF THE 9TH |
|
Tacoma Cubs batting - Pitching for Spokane Indians : RHP Jonathan Coberly
|
|
Pitching: LHP Michael Nored
|
|
|
Batting: LHB Broderick Perkins
|
0-0: Ball 1-0: Ball 2-0: Foul Ball, location: 2F 2-1: SINGLE (Groundball, 6MD, EV 105.0 MPH)
|
|
Batting: LHB Thad Bosley
|
0-0: Ball 1-0: Fielders Choice at 2nd, 1-6 (Groundball, 13S, EV 70.0 MPH)
|
|
Batting: RHB Billy Cree
|
0-0: Ball Thad Bosley is caught stealing 2nd base 2-4 1-0: Foul Ball, location: 2F 1-1: Swinging Strike 1-2: Foul Ball, location: 2F 1-2: Foul Ball, location: 2F 1-2: Foul Ball, location: 2F 1-2: SOLO HOME RUN (Flyball, 7LD, EV 96.9 MPH), Distance : 368 ft
|
|
Batting: RHB Lonnie Smith
|
0-0: Called Strike 0-1: Foul Ball, location: 2F 0-2: Ball 1-2: Ball 2-2: Ball 3-2: Foul Ball, location: 2F 3-2: SOLO HOME RUN (Flyball, 7D, EV 100.6 MPH), Distance : 364 ft
|
|
Batting: RHB Jim Rice
|
0-0: Called Strike 0-1: Ball 1-1: Foul Ball, location: 2F 1-2: Strikes out swinging
|
| Top of the 9th over - 2 runs, 3 hits, 0 errors, 0 left on base; Tacoma 9 - Spokane 4 |
| BOTTOM OF THE 9TH |
|
Spokane Indians batting - Pitching for Tacoma Cubs : RHP Joe Devitt
|
|
Batting: RHB Kevin Harvey
|
0-0: Called Strike 0-1: Ball 1-1: Ball 2-1: Foul Ball, location: 2F 2-2: Ground out 5-3 (Groundball, 56S, EV 78.8 MPH)
|
|
Batting: RHB Craig Landis
|
0-0: Fly out, F6 (Popup, 56, EV 78.1 MPH)
|
|
Batting: LHB Stu Pederson
|
0-0: Ball 1-0: Ball 2-0: Ball 3-0: Base on Balls
|
|
Batting: SHB Mark Gillaspie
|
0-0: Ground out U3 (Groundball, 34S, EV 86.3 MPH)
|
| Bottom of the 9th over - 0 runs, 0 hits, 0 errors, 1 left on base; Tacoma 9 - Spokane 4 |
|